Map: Pillars of Gold LE

Players

HeroMarine - Winner!

  • Race: Terran Terran
  • Spawn Location: 1:00

Namshar

  • Race: Zerg Zerg
  • League: Master
  • Spawn Location: 7:00

Event: StayAtHomestory Cup #2

VOD

Have the link to the VOD?

Description

Time

  • Played on: June 11, 2020, 12:16 p.m.
  • Length: 8:48
Show
View Real Time Build Order
Export as new Build Order

HeroMarine Terran - Winner!

Build Orders: 2 Factory, Reaper Expand 

Get SALT Encoding   

  12  0:00  SCV  
  13  0:13  SCV  
  14  0:18  Supply Depot  
  14  0:25  SCV  
  15  0:40  SCV  
  15  0:41  Barracks  
  16  0:45  Refinery  
  16  0:52  SCV  
  17  1:04  SCV  
  18  1:16  SCV  
  19  1:28  Reaper  
  19  1:29  Orbital Command  
  20  1:44  Command Center  
  20  1:55  SCV, Supply Depot  
  20  2:00  Marine  
  22  2:07  SCV  
  23  2:14  Factory  
  23  2:20  Refinery  
  23  2:21  SCV  
  24  2:25  Barracks Reactor  
  24  2:33  SCV  
  25  2:45  SCV  
  26  2:54  Factory  
  26  2:57  SCV, Orbital Command  
  27  3:07  Hellion  
  27  3:08  Hellion  
  27  3:09  SCV  
  32  3:16  Starport  
  32  3:21  SCV  
  32  3:23  SCV  
  34  3:29  Hellion x2  
  38  3:34  SCV  
  38  3:35  SCV  
  38  3:38  Factory Tech Lab  
  40  3:42  Supply Depot  
  40  3:51  SCV x2  
  40  3:54  Viking  
  44  3:57  Infernal Pre-Igniter  
  44  3:59  Hellion  
  46  4:04  Hellion, Supply Depot  
  46  4:09  Hellion  
  50  4:13  Barracks Tech Lab  
  50  4:14  SCV x2  
  52  4:22  Hellion  
  54  4:26  Medivac, Hellion  
  54  4:30  Supply Depot  
  58  4:35  Supply Depot  
  58  4:37  Armory  
  58  4:40  Hellion  
  58  4:45  Hellion  
  62  4:51  Hellion  
  62  4:52  SCV, Supply Depot  
  65  4:54  SCV  
  66  5:01  Liberator  
  66  5:05  SCV  
  66  5:06  SCV  
  71  5:09  Hellion x2  
  75  5:16  Hellion  
  75  5:18  Supply Depot  
  77  5:31  Hellion x2  
  77  5:33  SCV x2  
  83  5:42  Hellion  
  85  5:46  Liberator  
  85  5:49  SCV, Command Center  
  89  5:51  SCV  
  89  5:52  Hellion  
  89  5:57  Hellion  
  82  6:03  Hellion  
  78  6:05  SCV x2  
  76  6:13  Hellion  
  76  6:17  SCV x2  
  76  6:18  Hellion  
  80  6:25  Hellion  
  82  6:29  SCV x2  
  83  6:33  Liberator  
  83  6:35  Hellion  
  83  6:38  Hellion x3  
  83  6:39  Hellion  
  87  6:42  SCV x2  
  87  6:46  Hellion  
  83  6:54  Refinery x2  
  83  6:56  SCV x2, Hellion  
  83  6:57  Factory  
  83  7:00  Thor  
  90  7:07  Hellion  
  90  7:08  SCV x2  
  92  7:17  Hellion  
  92  7:20  SCV x2  
  92  7:29  Hellion  
  92  7:31  Orbital Command  
  92  7:32  SCV x2  
  88  7:39  Hellion  
  88  7:42  Refinery  
  88  7:44  SCV, Thor  
  96  7:45  SCV, Refinery, Thor  
  96  7:48  Engineering Bay  
  96  7:50  Hellion  
  95  7:56  SCV  
  95  7:57  SCV  
  97  7:59  SCV  
  97  8:00  Hellion  
  97  8:03  Supply Depot x2  
  100  8:08  SCV  
  100  8:09  SCV  
  100  8:11  SCV, Hellion  
  101  8:18  Factory  
  101  8:19  Factory  
  97  8:20  Missile Turret  
  97  8:21  SCV x2  
  97  8:22  Hellion  
  97  8:23  SCV  
  97  8:24  Missile Turret  
  97  8:25  Missile Turret  
  101  8:27  Hellion  
  101  8:28  Missile Turret  
  101  8:33  SCV  
  102  8:34  Missile Turret  
  110  8:41  Missile Turret  
Show
View Real Time Build Order
Export as new Build Order

Namshar Zerg 

Build Orders: Hatch First 

Get SALT Encoding   

  12  0:00  Drone  
  13  0:12  Overlord  
  13  0:17  Drone  
  14  0:31  Drone x2  
  16  0:50  Hatchery  
  16  0:53  Drone  
  16  0:56  Drone  
  17  1:00  Drone  
  18  1:09  Extractor  
  17  1:15  Spawning Pool  
  16  1:18  Drone  
  16  1:22  Drone  
  18  1:28  Drone  
  19  1:39  Drone  
  20  1:49  Drone  
  21  2:01  Queen x2  
  21  2:02  Zergling x4  
  27  2:17  Hatchery  
  27  2:22  Overlord  
  26  2:26  Drone  
  27  2:30  Drone  
  27  2:33  Metabolic Boost  
  28  2:40  Drone  
  29  2:46  Drone  
  29  2:50  Overlord  
  30  2:51  Drone x2  
  32  2:59  Queen  
  32  3:01  Drone  
  32  3:03  Drone  
  36  3:12  Drone x3  
  39  3:15  Drone  
  40  3:20  Queen  
  40  3:24  Overlord  
  42  3:28  Drone x2  
  44  3:34  Queen  
  46  3:43  Drone x5  
  51  3:54  Zergling x2  
  51  3:55  Drone x2  
  54  3:57  Overlord  
  54  3:58  Queen  
  54  4:01  Zergling x2  
  54  4:02  Zergling x2  
  58  4:14  Overlord x2  
  58  4:15  Lair  
  58  4:19  Extractor  
  58  4:20  Drone  
  58  4:21  Extractor  
  58  4:22  Drone x5  
  62  4:25  Overlord  
  62  4:29  Overlord  
  62  4:30  Overlord  
  62  4:35  Drone, Baneling Nest  
  62  4:36  Drone  
  63  4:40  Drone  
  63  4:41  Drone x2  
  63  4:45  Drone x4  
  70  4:52  Evolution Chamber  
  69  4:53  Zergling x2, Evolution Chamber  
  69  4:55  Drone  
  70  5:00  Queen  
  70  5:01  Overlord  
  70  5:04  Drone x2  
  74  5:08  Drone x2  
  74  5:09  Extractor x2  
  74  5:16  Drone  
  74  5:17  Drone x6  
  81  5:23  Drone x2  
  81  5:24  Overseer  
  83  5:29  Zergling x4  
  83  5:32  Queen, Baneling x3  
  87  5:36  Baneling x2  
  87  5:37  Baneling x2  
  85  5:47  Zergling x2, Drone  
  74  6:08  Queen, Spire  
  74  6:10  Zergling x4, Queen  
  78  6:11  Drone  
  78  6:12  Drone x6  
  83  6:20  Zergling x6  
  82  6:37  Queen  
  82  6:38  Zergling x2  
  82  6:39  Zergling x8  
  83  6:44  Queen  
  83  6:45  Baneling x4  
  82  6:48  Spore Crawler  
  64  7:15  Drone x5  
  65  7:17  Queen  
  59  7:24  Zergling x4  
  49  7:39  Zergling x6  
  47  7:50  Mutalisk x3  
  53  7:53  Queen  
  53  7:58  Extractor  
  54  7:59  Mutalisk  
  52  8:13  Mutalisk  
  52  8:15  Zergling x6  
  55  8:25  Drone x5  
  60  8:35  Drone x3  
Tags
 
Add a new tag
Caveats
  • Supply blocks, unpowered buildings, or Contaminate may cause inaccurate times.
  • Supply counts are checked every 10 seconds.